 Dungeon Crawl Stone Soup version 0.20.1-1-g8b1a95d (webtiles) character file.

48 tidbits the Covered (level 3, 7/28 HPs)
             Began as a Demigod Wanderer on Aug 22, 2017.
             Quit the game on level 3 of the Dungeon.
             The game lasted 00:06:28 (593 turns).

tidbits the Covered (Demigod Wanderer)               Turns: 593, Time: 00:06:29

Health: 7/28       AC:  8    Str: 17    XL:     3   Next: 30%
Magic:  0/6        EV:  9    Int: 18    God:
Gold:   101        SH:  0    Dex: 13    Spells: 0/4 levels left

rFire    . . .     SeeInvis .   f - +0 hand axe (curse)
rCold    . . .     Gourm    .   (no shield)
rNeg     . . .     Faith    .   a - +2 scale mail
rPois    .         Spirit   .   (no helmet)
rElec    .         Reflect  .   (no cloak)
rCorr    .         Harm     .   (no gloves)
MR       .....                  (no boots)
Stlth    ..........             (no amulet)
Regen    0.1/turn               (no ring)
MPRegen  0.1/turn               (no ring)

@: very slightly contaminated, drained
A: high mp 1
a: no special abilities


You were on level 3 of the Dungeon.
You were not hungry.

You visited 1 branch of the dungeon, and saw 3 of its levels.

You collected 101 gold pieces.

Inventory:

Hand Weapons
 c - a +0 hand axe
 f - a cursed +0 hand axe (weapon)
 n - a +4 dagger of draining
   (You took it off a goblin on level 1 of the Dungeon)
Missiles
 e - 4 stones
 h - 17 arrows
 m - 3 poisoned tomahawks (quivered)
Armour
 a - a +2 scale mail (worn)
Scrolls
 j - 3 scrolls of identify
Potions
 k - a potion of ambrosia
Books
 b - the Almanac of Moulding

   Spells                             Type                      Level
   a - Beastly Appendage              Transmutation                1
   b - Spider Form                    Transmutation/Poison         3
Comestibles
 d - 2 bread rations
 l - a meat ration


   Skills:
 - Level 1.0(0.8) Fighting
 - Level 1.0(0.8) Axes
 - Level 2.6(2.5) Armour
 - Level 1.0(0.8) Stealth
   Level 1.0(0.8) Shields
 + Level 1.0(0.8) Unarmed Combat
 - Level 1.0(0.8) Spellcasting
   Level 1.0(0.8) Conjurations
   Level 1.0(0.8) Translocations
 - Level 2.5(2.4) Transmutations


You couldn't memorise any spells.
You knew the following spells:

 Your Spells              Type           Power        Failure   Level  Hunger
e - Beastly Appendage     Tmut           #.....       26%         1    ##.....
p - Spider Form           Tmut/Pois      #.........   77%         3    ####...


Dungeon Overview and Level Annotations

Branches:
Dungeon (3/15)

Annotations:
D:3 Ijyb


Innate Abilities, Weirdness & Mutations

You have an increased reservoir of magic. (+10% MP)


Message History

The stone hits the jackal but does no damage.
The jackal barely misses you.
The jackal bites you but does no damage.
Throwing (i - inventory):
e - 2 stones (quivered)
Press: ? - help, Shift-Dir - straight line, f/p - jackal
Aim: a jackal
Okay, then.
Your scale mail prevents you from hitting the jackal.
Your transformation is almost over.
The jackal closely misses you. x2
You hit the jackal.
The jackal is moderately wounded.
The jackal closely misses you.
You hit the jackal but do no damage. You claw the jackal.
You kill the jackal!
A jackal comes into view.
The jackal barks!
You hit the jackal.
The jackal is almost dead.
The jackal barely misses you. The jackal closely misses you.
Casting: Beastly Appendage
Confirm with . or Enter, or press ? or * to list all spells.
You miscast Beastly Appendage.
Multicoloured lights dance before your eyes!
The jackal bites you.
* * * LOW HITPOINT WARNING * * *
The jackal barely misses you.
Casting: Beastly Appendage
Confirm with . or Enter, or press ? or * to list all spells.
You extend your transformation's duration.
The jackal bites you.
* * * LOW HITPOINT WARNING * * *
You hit the jackal but do no damage. Your kick misses the jackal.
The jackal is almost dead.
The jackal bites you but does no damage.
The jackal closely misses you.
You miss the jackal. You claw the jackal.
You kill the jackal!
Your base Unarmed Combat skill increases to level 1!
The jackal closely misses you.
You hit the jackal but do no damage. The jackal barely misses you.
You closely miss the jackal. The jackal bites you.
* * * LOW HITPOINT WARNING * * *
The jackal bites you but does no damage.
You hit the jackal.
The jackal is moderately wounded.
The jackal bites you but does no damage.
The jackal barely misses you.
You hit the jackal.
You kill the jackal!
e - 4 stones (gained 2);
m - 2 poisoned tomahawks
Things that are here:
a jackal corpse x3
Your transformation is almost over.
m - 3 poisoned tomahawks (gained 1)
You see here a dagger of draining.
n - a dagger of draining You can't unwield your weapon to draw a new one!
As you read the scroll labeled ONUORGHOICY, it crumbles to dust.
You assume a fearsome visage.
Nothing appears to happen.
It was a scroll of fear.
As you read the scroll labeled HUXAESMUVU, it crumbles to dust.
It is a scroll of identify.
k - a potion of ambrosia
As you read the scroll labeled RECOEH UFFIOKK, it crumbles to dust.
You feel strangely unstable.
It was a scroll of teleportation.
Your talons disappear.
Things that are here:
a jackal corpse x3
A kobold comes into view. It is wielding a dagger.
Your surroundings suddenly seem different.
Your magical contamination has completely faded away.
There is a stone staircase leading down here.
You climb downwards.
There is a stone staircase leading up here.
There is a stone staircase leading down here.
You climb downwards.
Level annotation: Ijyb A kobold comes into view.
The kobold shouts!
Found 17 stones, 8 gold pieces and 13 bolts.
There is a stone staircase leading up here.
A worm comes into view.
There is a stone staircase leading up here.
Casting: Beastly Appendage
Confirm with . or Enter, or press ? or * to list all spells.
The spell is very dangerous to cast!
Continue anyway?
Okay, then.
Casting: Spider Form
Confirm with . or Enter, or press ? or * to list all spells.
The spell is very dangerous to cast!
Continue anyway?
You miscast Spider Form.
You are very lightly contaminated with residual magic.
Nothing appears to happen.
Casting: Spider Form
Confirm with . or Enter, or press ? or * to list all spells.
The spell is very dangerous to cast!
Continue anyway?
You miscast Spider Form.
Wisps of poison gas drift from your hands.
Are you sure you want to abandon this character and quit the game? (Confirm with "yes".)

##.## ... ...
.(. # #.# #
#K# # #.#
.########.#.#
.......@wK..#
...(..###.###
.#### #.# ...
#.## #.# ..#
.#


You could see a worm and a kobold.

Vanquished Creatures
  A gnoll (D:2)
  2 oozes (D:1)
  A worm (D:2)
  A dart slug (D:1)
  A leopard gecko (D:1)
  2 hobgoblins (D:1)
  4 jackals (D:1)
  2 bats (D:1)
  A frilled lizard (D:1)
  2 goblins (D:1)
  4 kobolds
  6 rats
27 creatures vanquished.

Notes
Turn   | Place    | Note
-------+----------+-------------------------------------------
     0 | D:1      | tidbits the Demigod Wanderer began the quest for the Orb.
     0 | D:1      | tidbits set off with: a +2 scale mail, the Almanac of Moulding, a +0 hand axe, a bread ration
     0 | D:1      | Reached XP level 1. HP: 16/16 MP: 4/4
     0 | D:1      | Identified the Almanac of Moulding
     2 | D:1      | Learned a level 1 spell: Beastly Appendage
    81 | D:1      | Reached skill level 1 in Transmutations
   116 | D:1      | Reached XP level 2. HP: 20/23 MP: 3/5
   228 | D:1      | Reached skill level 2 in Transmutations
   289 | D:3      | Noticed Ijyb
   360 | D:2      | Reached XP level 3. HP: 10/28 MP: 3/6
   365 | D:2      | Learned a level 3 spell: Spider Form
   557 | D:1      | Reached skill level 1 in Unarmed Combat
   593 | D:3      | Quit the game

Skill      XL: |  1  2  3 |
---------------+----------+-----
Transmutations | 1 2 |  2.5
Unarmed Combat | 1 |  1.0
Fighting       | |  1.0
Axes           | |  1.0
Armour         | |  2.6
Stealth        | |  1.0
Shields        | |  1.0
Spellcasting   | |  1.0
Conjurations   | |  1.0
Translocations | |  1.0

Action                   || total
-------------------------++-------
Melee: Hand axe          ||    90
       Headbutt          ||     5
       Kick              ||     6
Throw: Stone             ||     4
       Tomahawk          ||     3
 Cast: Beastly Appendage ||    13
  Use: Scroll            ||     3
Armor: Scale mail        ||    42
Dodge: Dodged            ||    63

Table legend:
 A = Turns spent in this place as a percentage of turns spent in the entire game.
 B = Non-inter-level travel turns spent in this place as a percentage of non-inter-level travel turns spent in the entire game.
 C = Inter-level travel turns spent in this place as a percentage of turns spent in this place.
 D = Turns resting spent in this place as a percentage of non-inter-level travel turns spent in this place.
 E = Turns spent auto-exploring this place as a percentage of non-inter-level travel turns spent in this place.
 F = Non-inter-level travel turns spent in this place divided by the number of levels of this place that you've seen.
                   A       B       C       D       E      F
               +-------+-------+-------+-------+-------+----------------------
         Total | 100.0 | 100.0 |   0.0 |   0.0 |   0.0 | 200.3
       Dungeon | 100.0 | 100.0 |   0.0 |   0.0 |   0.0 | 200.3
               +-------+-------+-------+-------+-------+----------------------

Table legend:
 A = Kills in this place as a percentage of kills in entire the game.
 B = Kills by you in this place as a percentage of kills by you in the entire game.
 C = Kills by friends in this place as a percentage of kills by friends in the entire game.
 D = Other kills in this place as a percentage of other kills in the entire game.
 E = Experience gained in this place as a percentage of experience gained in the entire game.
 F = Experience gained in this place divided by the number of levels of this place that you have seen.
                   A       B       C       D       E      F
               +-------+-------+-------+-------+-------+----------------------
         Total | 100.0 | 100.0 |  -nan |  -nan | 100.0 |  23.0
       Dungeon | 100.0 | 100.0 |  -nan |  -nan | 100.0 |  23.0
               +-------+-------+-------+-------+-------+----------------------

Vault maps used:
D:1:      lemuel_arrival_cross
D:2:      first_bread
D:3:      nicolae_overflow_crystal_walls, old_standard_altar,
          grunt_qazlal_sundering, uniq_terence, uniq_ijyb, uniq_natasha,
          uniq_jessica
